 Dungeon Crawl Stone Soup version 0.20.0-15-g7f486f2 (webtiles) character file.

221 spacegravy the Digger (level 5, -1/28 HPs)
             Began as a Gargoyle Earth Elementalist on June 14, 2017.
             Killed from afar by bli's ghost (6 damage)
             ... with a magic dart
             ... on level 4 of the Dungeon.
             The game lasted 00:13:15 (4010 turns).

spacegravy the Digger (Gargoyle Earth Elementalist) Turns: 4010, Time: 00:13:15

Health: -1/28      AC:  8    Str: 11    XL:     5   Next: 98%
Magic:  0/10       EV: 12    Int: 17    God:
Gold:   194        SH:  0    Dex: 10    Spells: 2/11 levels left

rFire    . . .     SeeInvis .   i - +0 whip
rCold    . . .     Gourm    .   (no shield)
rNeg     + . .     Faith    .   c - +0 robe
rPois    ∞         Spirit   .   p - +0 helmet
rElec    +         Reflect  .   u - +0 cloak
rCorr    .         Harm     .   (no gloves)
MR       +....                  (no boots)
Stlth    ++........             (no amulet)
Regen    0.1/turn               s - ring of protection from magic
MPRegen  0.2/turn               (no ring)

@: flying
A: negative energy resistance 1, electricity resistance, unbreathing,
petrification resistance, rot immunity, AC +4
a: no special abilities


You were on level 4 of the Dungeon.
You were not hungry.

You visited 1 branch of the dungeon, and saw 4 of its levels.

You collected 194 gold pieces.


Innate Abilities, Weirdness & Mutations

You are resistant to torment.
Your stone body is resilient. (AC +4)
You are immune to poison.
You resist negative energy. (rN+)
You are resistant to electric shocks. (rElec)
You can survive without breathing.
You are immune to petrification.
You are immune to rotting.


   Skills:
 - Level 1.5 Dodging
 - Level 2.1 Stealth
 + Level 3.5 Spellcasting
 + Level 2.4 Conjurations
   Level 0.7 Transmutations
 * Level 5.9 Earth Magic


You had 2 spell levels left.
You knew the following spells:

 Your Spells              Type           Power        Failure   Level  Hunger
x - Stone Arrow           Conj/Erth      ###...       9%          3    ###....
z - Sandblast             Erth           ###...       1%          1    None
X - Lee's Rapid Deconstr  Erth           ###.......   38%         5    ######.

Inventory:

Hand Weapons
 i - a +0 whip (weapon)
Missiles
 b - 34 stones (quivered)
Armour
 c - a +0 robe (worn)
 p - a +0 helmet (worn)
 r - a cursed +0 leather armour
 u - a +0 cloak (worn)
Jewellery
 s - a ring of protection from magic (left hand)
 y - an uncursed amulet of faith
Scrolls
 a - 2 scrolls of teleportation {unknown}
 g - 3 scrolls of identify {@r1}
 h - a scroll of enchant armour {unknown}
 k - a scroll of blinking {unknown}
 l - a scroll of remove curse
 m - a scroll of recharging {unknown}
 n - a scroll of enchant weapon {unknown}
 w - a scroll of magic mapping {unknown}
Potions
 f - 2 potions of lignification {unknown}
 j - 2 potions of curing {@q1}
 o - a potion of brilliance {unknown}
 q - a potion of cancellation {unknown}
 t - 2 potions of flight
 x - a potion of mutation {unknown}
Books
 e - a book of Geomancy

   Spells                             Type                      Level
   a - Sandblast                      Earth                        1
   b - Passwall                       Transmutation/Earth          2
   c - Stone Arrow                    Conjuration/Earth            3
   d - Petrify                        Transmutation/Earth          4
   e - Lee's Rapid Deconstruction     Earth                        5
 v - a book of Conjurations

   Spells                             Type                      Level
   a - Magic Dart                     Conjuration                  1
   b - Searing Ray                    Conjuration                  2
   c - Dazzling Spray                 Conjuration/Hexes            3
   d - Fulminant Prism                Conjuration/Hexes            4
   e - Force Lance                    Conjuration/Translocation    4
   f - Iskenderun's Mystic Blast      Conjuration                  4
Comestibles
 d - 3 bread rations
 z - a fruit

Dungeon Overview and Level Annotations

Branches:
Dungeon (4/15)
 Temple: D:4-7

Altars:
Ashenzari
Hepliaklqana
Qazlal
Yredelemnul

Annotations:
D:4 bli's ghost, amateur DrCj

▒...▒ ▒.▒▒.......▒▒▒▒
▒...▒ ▒.▒▒.▒.▒▒▒▒▒
▒...▒ ▒.▒▒.▒.▒▒
▒...▒▒▒▒▒.......▒
▒▒▒▒▒...▒▒.....▒.▒▒.▒
...............▒.▒ .
▒.............▒ ..
▒▒......W.....▒..
▒▒....▒▒8.......
▒▒....▒▒▒▒......
▒▒.... ▒▒▒▒....
▒▒.W▒▒ ▒.▒▒ ...▒ .▒
..▒▒ ...


You could see bli's ghost.


Message History

You hit bli's ghost.
Bli's ghost is almost destroyed.
Bli's ghost points at you and mumbles some strange words.
The magic dart hits you!
You barely miss bli's ghost.
Bli's ghost is almost destroyed.
Bli's ghost hits you but does no damage.
Your magical contamination has completely faded away.
You closely miss bli's ghost.
Bli's ghost is almost destroyed.
Bli's ghost closely misses you.
Okay, then.
Aiming: Sandblast
Aim: bli's ghost (almost destroyed)
The blast of sand hits bli's ghost.
Bli's ghost is almost destroyed.
b - 34 stones Bli's ghost hits you but does no damage.
You hit bli's ghost.
Bli's ghost is almost destroyed.
Bli's ghost points at you and mumbles some strange words.
The magic dart hits you!
You hit bli's ghost but do no damage.
Bli's ghost is almost destroyed.
Bli's ghost hits you but does no damage.
You closely miss bli's ghost.
Bli's ghost is almost destroyed.
Bli's ghost casts a spell at you. The magic dart hits you!
You die...

Action                   |  1- 3 |  4- 6 || total
-------------------------+-------+-------++-------
Melee: Unarmed           |    26 |       ||    26
       Spear             |   110 |    61 ||   171
       Club              |    10 |       ||    10
       Whip              |       |    26 ||    26
 Cast: Sandblast         |    20 |    26 ||    46
       Stone Arrow       |       |     2 ||     2
  Use: Scroll            |       |     2 ||     2
       Potion            |       |     1 ||     1
 Stab: Sleeping          |     3 |     2 ||     5
  Eat: Chunk             |     4 |     1 ||     5
       Meat ration       |       |     1 ||     1
Armor: Robe              |    42 |    32 ||    74
Dodge: Dodged            |    94 |    52 ||   146

Vault maps used:
D:1:      elethiomel_arrival_maze, grunt_decor_mini_mirrors
D:2:      chequers_ecumenical_altar_island, dk_yredelemnul_ordeal,
          uniq_crazy_yiuf_cottage, uniq_sigmund
D:3:      evilmike_ruin_ashenzari, minitemple, first_bread
D:4:      gup_ossuary_entry_pyramid

Notes
Turn   | Place    | Note
-------+----------+-------------------------------------------
     0 | D:1      | spacegravy the Gargoyle Earth Elementalist began the quest for the Orb.
     0 | D:1      | Reached XP level 1. HP: 10/10 MP: 3/3
   129 | D:1      | Reached XP level 2. HP: 11/15 MP: 1/5
   297 | D:1      | Reached skill level 4 in Earth Magic
   848 | D:1      | Reached XP level 3. HP: 13/19 MP: 2/7
   853 | D:1      | Learned a level 3 spell: Stone Arrow
  1912 | D:2      | Found a runed door.
  1912 | D:2      | Noticed a human
  1915 | D:2      | Found a basalt altar of Yredelemnul.
  2063 | D:2      | Reached skill level 1 in Conjurations
  2063 | D:2      | Reached XP level 4. HP: 24/24 MP: 8/8
  2104 | D:2      | Noticed Sigmund
  2119 | D:2      | Killed Sigmund
  2119 | D:2      | Reached skill level 3 in Spellcasting
  2119 | D:2      | Reached skill level 5 in Earth Magic
  2119 | D:2      | Reached XP level 5. HP: 24/28 MP: 6/9
  2318 | D:2      | Reached skill level 2 in Conjurations
  2334 | D:2      | Found a faded altar of an unknown god.
  2914 | D:2      | Found a runed door.
  3087 | D:2      | Noticed Crazy Yiuf
  3090 | D:2      | Killed Crazy Yiuf
  3199 | D:3      | Noticed esteth's ghost (weakling GrEE)
  3205 | D:3      | Killed esteth's ghost
  3334 | D:3      | Learned a level 5 spell: Lee's Rapid Deconstruction
  3469 | D:3      | Found a shattered altar of Ashenzari.
  3877 | D:3      | Found a hazy altar of Hepliaklqana.
  3877 | D:3      | Found a stormy altar of Qazlal.
  3978 | D:4      | Noticed bli's ghost (amateur DrCj)
  4010 | D:4      | Killed from afar by bli's ghost

Vanquished Creatures
  The ghost of esteth the Digger, a weakling GrEE (D:3)
  Crazy Yiuf (D:2)
  3 adders (D:2)
  3 worms (D:2)
  A dart slug (D:3)
  3 leopard geckos (D:1)
  3 orcs
  2 giant cockroaches (D:1)
  7 goblins
  6 hobgoblins (D:1)
  7 kobolds
  2 quokkas
  4 bats
  5 frilled lizards
  8 rats
56 creatures vanquished.

Vanquished Creatures (others)
  Sigmund (D:2)
  An adder (D:2)
  A giant cockroach (D:2)
  A hobgoblin (D:2)
4 creatures vanquished.

Grand Total: 60 creatures vanquished
